Gulls vs Reign

Created - 27 octobre 2023 at 14:46

Goals
1 2 3 OT1 SO T
Gulls 0 0 0 0 1 1
Reign 0 0 0 0 0 0
Shots
1 2 3 OT1 SO T
Gulls 0 1 1 0 3 2
Reign 0 0 1 2 3 3

GoalsPenalties
1st period
No Goal
2nd period
No Goal
3rd period
No Goal
Tyler Bozak (LOS) for Tripping (Minor) at 6:44
Overtime #1
No Goal
Shootout
Gulls, Vitali Kravtsov - Stopped by Jet Greaves
Reign, Spencer Smallman - Shot Misses the Net
Gulls, Justin Bailey - Stopped by Jet Greaves
Reign, Fredrik Olofsson - Stopped by Louis Domingue
Gulls, Hendrix Lapierre - Goal!
Reign, Sean Couturier - Stopped by Louis Domingue
Goalie Stats
Louis Domingue (ANA), 3 saves from 3 shots - (1,000), W, 9-12-7, 65:00 minutes
Jet Greaves (LOS), 2 saves from 2 shots - (1,000), OTL, 11-12-5, 65:00 minutes
3 StarsOfficial
1 - Justin Bailey (ANA)
2 - Hendrix Lapierre (ANA)
3 - Vitali Kravtsov (ANA)
Referees : Dan O'Rourke and Jon McIsaac
Linesman : Matt MacPherson and Devin Berg
Game Note
No Game Note



Team Name Goals Shots Shots Attemp Shots Blocked PIM HIT PP PK FO%
Gulls 12710180 / 1 (0%)040%
Reign 03732150 / 0 (0%060%

Gulls
Player Name POS G A P +/- PIM HIT SHT SB MP PP MP PP SHT PK MP PK SHT FO% FOT GA TA
Alex VlasicD0000010020:140:4600:0000% 001
Egor SokolovLW0000010020:010:5900:0000% 110
Guillaume BriseboisD0000000015:370:4300:0000% 000
Hendrix LapierreC0000030020:590:5000:00033% 321
Jacob Bernard-DockerD0000000021:401:2400:0000% 000
Jake LivingstoneD0000000020:331:0500:0000% 000
Justin BaileyRW0000030018:260:4800:0000% 000
Kale HowarthLW0000000014:370:1000:0000% 001
Matthew KniesLW0000021019:471:0100:0000% 200
Samuel BolducD0000000018:370:0000:0000% 010
Vincent ArseneauLW0000010020:200:5000:0000% 000
Vitali KravtsovLW/RW0000030021:110:5500:000100% 500
Wyatt BongiovanniC0000000119:530:1400:0000% 300
Xavier ParentC/LW/RW0000001015:330:0000:0000% 100
Yanni KaldisD0000000016:490:0000:0000% 000
Zach GiuttariD0000020015:220:0000:0000% 000
Zach SolowRW0000020013:570:1000:0000% 000
Zach TsekosC000000001:240:0000:0000% 000
Reign
Player Name POS G A P +/- PIM HIT SHT SB MP PP MP PP SHT PK MP PK SHT FO% FOT GA TA
Alexander HoltzLW/RW0000000121:020:0000:1100% 000
Arshdeep BainsLW0000001013:070:0000:0000% 001
Carsen TwarynskiLW0000000019:550:0000:5200% 000
Cole McWardD0000000014:220:0000:0000% 000
Elliot DesnoyersC/LW0000000017:500:0000:1400% 010
Fredrik OlofssonLW0000020019:400:0000:560100% 110
Georgii MerkulovLW000000003:410:0000:0000% 000
Jan JenikC0000010118:010:0001:03033% 301
Louie BelpedioD0000010017:150:0000:2800% 000
Lukas RousekRW0000011015:100:0000:0000% 000
Matej BlumelLW000000001:220:0000:0000% 000
Michael KesselringD0000030022:560:0000:4900% 000
Oliver KylingtonD0000000022:450:0000:4500% 000
Robbie RussoD0000020024:160:0000:4200% 001
Robin SaloD0000020122:340:0001:1400% 001
Sean CouturierC0000010019:220:0000:42067% 300
Spencer SmallmanRW0000000018:270:0000:0000% 010
Tyler BozakC/RW0000221021:150:0000:00063% 800

Gulls

5 vs 5 Forward
Line #Left WingCenterRight WingPHYDFOFWanted %Time %Time Play
1Matthew KniesVitali KravtsovEgor Sokolov0144035%20:14
2Egor SokolovHendrix LapierreMatthew Knies0143537%21:19
3Matthew KniesEgor SokolovJustin Bailey1221514%7:56
4Vitali KravtsovMatthew KniesWyatt Bongiovanni1221015%8:32
5 vs 5 Defense
Line #DefenseDefensePHYDFOFWanted %Time %Time Play
1Alex VlasicJake Livingstone1224034%19:57
2Jacob Bernard-DockerYanni Kaldis1223029%17:02
3Samuel BolducZach Giuttari1222026%15:22
4Guillaume BriseboisJacob Bernard-Docker1221010%5:40
Power Play Forward
Line #Left WingCenterRight WingPHYDFOFWanted %Time %Time Play
1Egor SokolovVitali KravtsovMatthew Knies0056070%1:23
2Egor SokolovHendrix LapierreMatthew Knies0144030%0:36
Power Play Defense
Line #DefenseDefensePHYDFOFWanted %Time %Time Play
1Jacob Bernard-DockerJake Livingstone1226074%1:28
2Jacob Bernard-DockerAlex Vlasic1224026%0:31
Penalty Kill 4 Players Forward
Line #CenterWingPHYDFOFWanted %Time %Time Play
1Matthew KniesEgor Sokolov122600%0:00
2Matthew KniesEgor Sokolov122400%0:00
Penalty Kill 4 Players Defense
Line #DefenseDefensePHYDFOFWanted %Time %Time Play
1Jacob Bernard-DockerAlex Vlasic122600%0:00
2Jacob Bernard-DockerJake Livingstone122400%0:00
Penalty Kill 3 Players
Line #WingPHYDFOFWanted %Time %Time PlayDefenseDefensePHYDFOFWanted %Time %Time Play
1Egor Sokolov122600%0:00 Alex VlasicJacob Bernard-Docker122600%0:00
2Egor Sokolov122400%0:00 Jacob Bernard-DockerZach Giuttari122400%0:00
4 vs 4 Forward
Line #CenterWingPHYDFOFWanted %Time %Time Play
1Matthew KniesEgor Sokolov122600%0:00
2Matthew KniesEgor Sokolov122400%0:00
4 vs 4 Defense
Line #DefensePHYDFOFWanted %Time %Time Play
1Jacob Bernard-DockerJake Livingstone122600%0:00
2Jacob Bernard-DockerSamuel Bolduc122400%0:00
Last Minutes Offensive
Left WingCenterRight WingDefenseDefense
Matthew KniesVitali KravtsovEgor SokolovAlex VlasicJake Livingstone
Last Minutes Defensive
Left WingCenterRight WingDefenseDefense
Matthew KniesVitali KravtsovEgor SokolovAlex VlasicJake Livingstone
Time
Total ForwardTotal DefenseLast Minutes OffensiveLast Minutes Defensive
60:00 60:00 0:000:00
Extra Forwards
Normal PowerPlayPenalty Kill
Hendrix Lapierre, Egor Sokolov, Matthew KniesMatthew Knies, Egor SokolovEgor Sokolov
Extra Defensemen
Normal PowerPlayPenalty Kill
Yanni Kaldis, Jacob Bernard-Docker, Guillaume BriseboisAlex Vlasic, Jake LivingstoneJacob Bernard-Docker
Penalty Shots
Vitali Kravtsov, Justin Bailey, Hendrix Lapierre, Egor Sokolov, Matthew Knies
Goalie
Louis Domingue, Joey Daccord
Scratches
Andrew Poturalski (Broken Ribs Injury), Maxim Cajkovic (Healthy)

Reign

5 vs 5 Forward
Line #Left WingCenterRight WingPHYDFOFWanted %Time %Time Play
1Fredrik OlofssonSean CouturierAlexander Holtz1044438%21:56
2Fredrik OlofssonTyler BozakAlexander Holtz4013232%18:18
3Fredrik OlofssonElliot DesnoyersAlexander Holtz2301613%7:40
4Elliot DesnoyersTyler BozakSpencer Smallman212817%10:07
5 vs 5 Defense
Line #DefenseDefensePHYDFOFWanted %Time %Time Play
1Oliver KylingtonRobbie Russo1134538%22:03
2Robin SaloMichael Kesselring1133027%15:55
3Robin SaloOliver Kylington3202014%8:11
4Michael KesselringCole McWard122520%11:52
Power Play Forward
Line #Left WingCenterRight WingPHYDFOFWanted %Time %Time Play
1Sean CouturierFredrik OlofssonTyler Bozak113700%0:00
2Fredrik OlofssonTyler BozakElliot Desnoyers104300%0:00
Power Play Defense
Line #DefenseDefensePHYDFOFWanted %Time %Time Play
1Michael KesselringRobin Salo023630%0:00
2Oliver KylingtonMichael Kesselring122370%0:00
Penalty Kill 4 Players Forward
Line #CenterWingPHYDFOFWanted %Time %Time Play
1Tyler BozakFredrik Olofsson13160100%1:59
2Tyler BozakFredrik Olofsson140400%0:00
Penalty Kill 4 Players Defense
Line #DefenseDefensePHYDFOFWanted %Time %Time Play
1Michael KesselringOliver Kylington1226061%1:13
2Robin SaloMichael Kesselring1224039%0:46
Penalty Kill 3 Players
Line #WingPHYDFOFWanted %Time %Time PlayDefenseDefensePHYDFOFWanted %Time %Time Play
1Tyler Bozak140510%0:00 Michael KesselringOliver Kylington122600%0:00
2Tyler Bozak041490%0:00 Oliver KylingtonMichael Kesselring122400%0:00
4 vs 4 Forward
Line #CenterWingPHYDFOFWanted %Time %Time Play
1Tyler BozakFredrik Olofsson113600%0:00
2Tyler BozakFredrik Olofsson113400%0:00
4 vs 4 Defense
Line #DefensePHYDFOFWanted %Time %Time Play
1Michael KesselringRobin Salo122600%0:00
2Robin SaloMichael Kesselring122400%0:00
Last Minutes Offensive
Left WingCenterRight WingDefenseDefense
Fredrik OlofssonSean CouturierTyler BozakOliver KylingtonMichael Kesselring
Last Minutes Defensive
Left WingCenterRight WingDefenseDefense
Fredrik OlofssonSean CouturierTyler BozakOliver KylingtonMichael Kesselring
Time
Total ForwardTotal DefenseLast Minutes OffensiveLast Minutes Defensive
60:00 60:00 0:000:00
Extra Forwards
Normal PowerPlayPenalty Kill
Tyler Bozak, Spencer Smallman, Elliot DesnoyersFredrik Olofsson, Spencer SmallmanTyler Bozak
Extra Defensemen
Normal PowerPlayPenalty Kill
Michael Kesselring, Robin Salo, Oliver KylingtonMichael Kesselring, Michael KesselringRobin Salo
Penalty Shots
Spencer Smallman, Fredrik Olofsson, Sean Couturier, Tyler Bozak, Elliot Desnoyers
Goalie
Jet Greaves, Vadim Zherenko
Scratches
Akil Thomas (Healthy), Nolan Stevens (Healthy), Martin Pospisil (Healthy), Michal Teply (Healthy), Ryan Jones (Healthy) Colin Theisen (Healthy), Nathan Smith (Healthy), Nick Cicek (Healthy), Thomas Bordeleau (Healthy), Albert Johansson (Healthy) David Gust (Strained Back Injury), Louis Crevier (Healthy), Parker Ford (Healthy), Pavol Regenda (Healthy), Shakir Mukhamadullin (Healthy) Carey Price (Healthy), Calle Clang (Healthy)


Play-by-Play

1st period


0:01 of 1st period - Sean Couturier wins face-off versus Matthew Knies in neutral zone.
0:26 of 1st period - Egor Sokolov is hit by Tyler Bozak.
1:24 of 1st period - Michael Kesselring is hit by Justin Bailey and loses puck.
1:49 of 1st period - Cole McWard is hit by Zach Giuttari and loses puck.
2:31 of 1st period - Jake Livingstone is hit by Robin Salo.
5:54 of 1st period - Jan Jenik is hit by Zach Solow and loses puck.
7:46 of 1st period - Icing by Carsen Twarynski.
7:47 of 1st period - Fredrik Olofsson wins face-off versus Xavier Parent in Reign zone.
8:23 of 1st period - Vincent Arseneau is hit by Sean Couturier and loses puck.
9:00 of 1st period - Lukas Rousek is hit by Hendrix Lapierre and loses puck.
9:15 of 1st period - Lukas Rousek is hit by Vitali Kravtsov.
9:16 of 1st period - Icing by Lukas Rousek.
9:17 of 1st period - Vitali Kravtsov wins face-off versus Tyler Bozak in Reign zone.
11:55 of 1st period - Icing by Matthew Knies.
11:56 of 1st period - Vitali Kravtsov wins face-off versus Jan Jenik in Gulls zone.
15:22 of 1st period - Oliver Kylington is hit by Justin Bailey and loses puck.
17:05 of 1st period - Samuel Bolduc is hit by Louie Belpedio and loses puck.
Goals for this period are 0 for Gulls vs 0 for Reign.
Shots for this period are 0 for Gulls vs 0 for Reign.

2nd period


0:01 of 2nd period - Tyler Bozak wins face-off versus Egor Sokolov in neutral zone.
0:10 of 2nd period - Wrist shot by Hendrix Lapierre.
0:10 of 2nd period - Shot Blocked by Robin Salo.
0:22 of 2nd period - Egor Sokolov is hit by Tyler Bozak and loses puck.
0:31 of 2nd period - Slapshot by Egor Sokolov.
0:31 of 2nd period - Shot Misses the Net.
0:33 of 2nd period - Snap shot by Jacob Bernard-Docker.
0:33 of 2nd period - Shot Blocked by Alexander Holtz.
0:35 of 2nd period - Slapshot by Matthew Knies.
0:35 of 2nd period - Shot Misses the Net.
0:37 of 2nd period - Snap shot by Matthew Knies.
0:37 of 2nd period - Stopped by Jet Greaves without a rebound.
0:38 of 2nd period - Tyler Bozak wins face-off versus Matthew Knies in Reign zone.
3:38 of 2nd period - Samuel Bolduc is hit by Jan Jenik and loses puck.
6:53 of 2nd period - Cole McWard is hit by Vitali Kravtsov and loses puck.
8:54 of 2nd period - Vitali Kravtsov is hit by Robin Salo and loses puck.
10:23 of 2nd period - Arshdeep Bains is hit by Matthew Knies.
14:47 of 2nd period - Justin Bailey is hit by Lukas Rousek and loses puck.
Goals for this period are 0 for Gulls vs 0 for Reign.
Shots for this period are 1 for Gulls vs 0 for Reign.

3rd period


0:01 of 3rd period - Vitali Kravtsov wins face-off versus Tyler Bozak in neutral zone.
0:25 of 3rd period - Robbie Russo is hit by Hendrix Lapierre.
1:09 of 3rd period - Snap shot by Justin Bailey.
1:09 of 3rd period - Shot Blocked by Jan Jenik.
1:49 of 3rd period - Sean Couturier is hit by Zach Giuttari and loses puck.
2:04 of 3rd period - Carsen Twarynski is hit by Egor Sokolov and loses puck.
3:37 of 3rd period - Fredrik Olofsson is hit by Zach Solow.
5:02 of 3rd period - Vincent Arseneau is hit by Michael Kesselring.
6:44 of 3rd period - Minor Penalty to Tyler Bozak for Tripping.
6:45 of 3rd period - Vitali Kravtsov wins face-off versus Jan Jenik in Reign zone.
7:22 of 3rd period - Robin Salo is hit by Alex Vlasic and loses puck.
8:19 of 3rd period - Elliot Desnoyers is hit by Vitali Kravtsov and loses puck.
8:44 of 3rd period - Penalty to Tyler Bozak is over, Tyler Bozak is back on ice.
8:54 of 3rd period - Wrist shot by Xavier Parent.
8:54 of 3rd period - Stopped by Jet Greaves with a rebound.
9:19 of 3rd period - Matthew Knies is hit by Michael Kesselring and loses puck.
9:32 of 3rd period - Oliver Kylington is hit by Hendrix Lapierre and loses puck.
11:03 of 3rd period - Slapshot by Lukas Rousek.
11:03 of 3rd period - Stopped by Louis Domingue with a rebound.
11:09 of 3rd period - Cole McWard is hit by Matthew Knies and loses puck.
11:52 of 3rd period - Robin Salo is hit by Justin Bailey and loses puck.
12:59 of 3rd period - Oliver Kylington is hit by Vincent Arseneau and loses puck.
15:07 of 3rd period - Icing by Vitali Kravtsov.
15:08 of 3rd period - Vitali Kravtsov wins face-off versus Sean Couturier in Gulls zone.
15:08 of 3rd period - Vitali Kravtsov is hit by Fredrik Olofsson.
16:27 of 3rd period - Icing by Jake Livingstone.
16:28 of 3rd period - Hendrix Lapierre wins face-off versus Tyler Bozak in Gulls zone.
16:28 of 3rd period - Hendrix Lapierre is hit by Michael Kesselring.
17:22 of 3rd period - Hendrix Lapierre is hit by Robbie Russo and loses puck.
19:11 of 3rd period - Yanni Kaldis is hit by Fredrik Olofsson and loses puck.
19:50 of 3rd period - Icing by Robin Salo.
19:51 of 3rd period - Sean Couturier wins face-off versus Wyatt Bongiovanni in Reign zone.
Goals for this period are 0 for Gulls vs 0 for Reign.
Shots for this period are 1 for Gulls vs 1 for Reign.

Overtime #1


0:01 of 1st overtime period - Tyler Bozak wins face-off versus Hendrix Lapierre in neutral zone.
0:08 of 1st overtime period - Slapshot by Tyler Bozak.
0:08 of 1st overtime period - Stopped by Louis Domingue with a rebound.
0:39 of 1st overtime period - Icing by Carsen Twarynski.
0:40 of 1st overtime period - Tyler Bozak wins face-off versus Wyatt Bongiovanni in Reign zone.
1:28 of 1st overtime period - Icing by Vitali Kravtsov.
1:29 of 1st overtime period - Jan Jenik wins face-off versus Wyatt Bongiovanni in Gulls zone.
1:30 of 1st overtime period - Wrist shot by Alexander Holtz.
1:30 of 1st overtime period - Shot Misses the Net.
1:41 of 1st overtime period - Icing by Carsen Twarynski.
1:42 of 1st overtime period - Tyler Bozak wins face-off versus Hendrix Lapierre in Reign zone.
1:47 of 1st overtime period - Guillaume Brisebois is hit by Robbie Russo and loses puck.
2:22 of 1st overtime period - Snap shot by Alexander Holtz.
2:22 of 1st overtime period - Shot Blocked by Wyatt Bongiovanni.
3:19 of 1st overtime period - Backhand shot by Arshdeep Bains.
3:19 of 1st overtime period - Stopped by Louis Domingue with a rebound.
3:21 of 1st overtime period - Snap shot by Sean Couturier.
3:21 of 1st overtime period - Shot Misses the Net.
3:23 of 1st overtime period - Backhand shot by Arshdeep Bains.
3:23 of 1st overtime period - Shot Hit the Post.
Goals for this period are 0 for Gulls vs 0 for Reign.
Shots for this period are 0 for Gulls vs 2 for Reign.

ShootOut


5:00 of 1st overtime period - Round #1.
5:00 of 1st overtime period - Gulls, Vitali Kravtsov.
5:00 of 1st overtime period - Snap shot by Vitali Kravtsov.
5:00 of 1st overtime period - Stopped by Jet Greaves.
5:00 of 1st overtime period - Reign, Spencer Smallman.
5:00 of 1st overtime period - Deke by Spencer Smallman.
5:00 of 1st overtime period - Shot Misses the Net.
5:00 of 1st overtime period - Round #2.
5:00 of 1st overtime period - Gulls, Justin Bailey.
5:00 of 1st overtime period - Deke by Justin Bailey.
5:00 of 1st overtime period - Stopped by Jet Greaves.
5:00 of 1st overtime period - Reign, Fredrik Olofsson.
5:00 of 1st overtime period - Snap shot by Fredrik Olofsson.
5:00 of 1st overtime period - Stopped by Louis Domingue.
5:00 of 1st overtime period - Round #3.
5:00 of 1st overtime period - Gulls, Hendrix Lapierre.
5:00 of 1st overtime period - Wrist shot by Hendrix Lapierre.
5:00 of 1st overtime period - Goal by Hendrix Lapierre.
5:00 of 1st overtime period - Reign, Sean Couturier.
5:00 of 1st overtime period - Wrist shot by Sean Couturier.
5:00 of 1st overtime period - Stopped by Louis Domingue.